 Dungeon Crawl Stone Soup version 0.30.1-9-gdf580d7c3d (webtiles) character file.

Game seed: 8148589389949150860

700 xdfoamboi the Skirmisher (level 7, -1/52 HPs)
             Began as a Formicid Hunter on Sept 28, 2023.
             Was a Believer of Wu Jian.
             Slain by a gnoll
             ... wielding a +0 spear
             ... led by a gnoll bouda
              (5 damage)
             ... on level 6 of the Dungeon.
             The game lasted 00:08:13 (1423 turns).

xdfoamboi the Skirmisher (Formicid Hunter)          Turns: 1423, Time: 00:08:17

Health: -1/52      AC:  9    Str: 16    XL:     7   Next: 98%
Magic:  7/7        EV: 11    Int:  8    God:    Wu Jian [**....]
Gold:   115        SH:  0    Dex: 25    Spells: 6/6 levels left

rFire   . . .        a - +0 shortbow
rCold   . . .        (no shield)
rNeg    . . .        q - +1 scale mail {rPois}
rPois   +            (helmet unavailable)
rElec   .            (no cloak)
rCorr   .            g - +1 pair of gloves
SInv    +            (no boots)
Will    .....        (no amulet)
Stlth   +            n - +6 ring of dexterity
HPRegen 0.28/turn    (no ring)
MPRegen 0.10/turn

%: no passive effects
@: weakened
A: permanent stasis, dig shafts and tunnels, antennae 3, four strong arms
a: Dig, Shaft Self, Renounce Religion, Wall Jump


You were on level 6 of the Dungeon.
You worshipped Wu Jian.
Wu Jian was pleased with you.
You visited 1 branch of the dungeon, and saw 6 of its levels.

You collected 115 gold pieces.

Inventory:

Hand Weapons
 a - a +0 shortbow (weapon)
 o - a +1 hand axe of venom
Missiles
 k - 2 throwing nets
Armour
 c - a +0 leather armour
 g - a +1 pair of gloves (worn)
 q - a +1 scale mail of poison resistance (worn)
Jewellery
 n - a +6 ring of dexterity (left hand)
Scrolls
 f - a scroll of blinking
 h - a scroll of vulnerability {unknown}
 i - 2 scrolls of torment {unknown}
 l - a scroll of amnesia {unknown}
Potions
 d - a potion of haste {unknown}
 j - a potion of flight {unknown}
 m - a potion of resistance {unknown}
 p - a potion of ambrosia {unknown}


   Skills:
 + Level 3.5 Fighting
 + Level 8.1 Ranged Weapons
 + Level 1.9 Armour
 + Level 2.6 Dodging
 + Level 1.5 Stealth


You had 6 spell levels left.
You didn't know any spells.
Your spell library contained the following spells:

 Spells                   Type           Power      Damage    Failure   Level
 Slow                     Hex            0%         N/A       85%         1
 Confusing Touch          Hex            0%         N/A       99%         3
 Vampiric Draining        Necr           0%         2d6       99%         3


Dungeon Overview and Level Annotations

Branches:
Dungeon (6/15)
 Temple: D:4-7

Altars:
Wu Jian


Innate Abilities, Weirdness & Mutations

You cannot be hasted, slowed, berserked, paralysed or teleported.
You can dig through walls and to a lower floor.
You have a pair of large antennae on your head. (SInv)
Your four strong arms can wield two-handed weapons with a shield.


Message History

The gnoll bouda hits you with a +0 whip.
You shoot an arrow.
The arrow hits the gnoll bouda but does no damage.
The gnoll bouda is heavily wounded.
The gnoll hits you from afar with a +0 halberd!
The gnoll closely misses you.
The gnoll bouda hits you with a +0 whip!
* * * LOW HITPOINT WARNING * * *
The gnoll barely misses you.
You are too injured to fight recklessly!
You are too injured to fight recklessly!
You are too injured to fight recklessly!
You are too injured to fight recklessly!
As you read the scroll of immolation, it crumbles to dust.
The creatures around you are filled with an inner flame!
The scorpion barely misses you. The gnoll closely misses you.
The gnoll bouda misses you.
The gnoll hits you from afar with a +0 halberd.
* * * LOW HITPOINT WARNING * * *
Unknown command.
You shoot an arrow.
The arrow hits the gnoll bouda but does no damage.
The gnoll bouda is heavily wounded.
The scorpion stings you.
* * * LOW HITPOINT WARNING * * *
The gnoll closely misses you.
The gnoll bouda gazes fiercely through you!
You feel your attacks grow feeble.
The gnoll bouda hits you but does no damage.
The scorpion closely misses you. The gnoll closely misses you. x2
As you read the scroll labelled PEYLE VAUNG, it crumbles to dust.
It is a scroll of identify.
f - a scroll of blinking The scorpion barely misses you.
The gnoll bouda calls upon its god to heal the gnoll.
The gnoll is healed somewhat.
The gnoll hits you from afar with a +0 halberd.
* * * LOW HITPOINT WARNING * * *
The gnoll hits you from afar with a +0 spear.
You die...

# ## .# #### #. ..# .....
.###..# ###..g###.....# #
.....)g@s....###.#
###..g###.###....# #
>.......[.....#### #.
##########........ #
#.#######.......###.. ..
#.......<.........+ ...
#.................# ....
#..<..............# .....
+..............<..#......


You could see a gnoll bouda (inner flame), a scorpion (inner flame) and 2
gnolls.

Vanquished Creatures
  A sky beast (D:6)
  2 phantoms (D:5)
  2 scorpions
  3 hounds
  A jelly (D:5)
  2 iguanas
  2 orc wizards
  8 gnolls
  A worm (D:3)
  11 orcs
  2 bats (D:1)
  3 endoplasms
  2 giant cockroaches (D:4)
  3 goblins
  A hobgoblin (D:1)
  A jackal (D:4)
  3 kobolds
  A quokka (D:3)
  3 ball pythons
52 creatures vanquished.

Notes
Turn   | Place    | Note
-------+----------+-------------------------------------------
     0 | D:1      | xdfoamboi the Formicid Hunter began the quest for the Orb.
     0 | D:1      | Reached XP level 1. HP: 16/16 MP: 1/1
   257 | D:1      | Reached XP level 2. HP: 22/22 MP: 2/2
   264 | D:1      | Found a faded altar of an unknown god.
   271 | D:1      | Prayed at the altar of an unknown god.
   271 | D:1      | Became a worshipper of the Wu Jian Council
   271 | D:1      | Reached * piety under Wu Jian
   364 | D:2      | You fall into a shaft and drop 1 floor!
   398 | D:3      | Reached XP level 3. HP: 20/28 MP: 3/3
   509 | D:2      | Reached skill level 5 in Ranged Weapons
   715 | D:4      | Reached XP level 4. HP: 34/34 MP: 4/4
   866 | D:4      | Reached skill level 1 in Armour
   866 | D:4      | Reached XP level 5. HP: 32/39 MP: 5/5
   868 | D:4      | Reached ** piety under Wu Jian
   920 | D:4      | Reached skill level 6 in Ranged Weapons
  1036 | D:4      | Reached XP level 6. HP: 46/46 MP: 6/6
  1053 | D:5      | Entered Level 5 of the Dungeon
  1100 | D:5      | Reached skill level 7 in Ranged Weapons
  1100 | D:5      | Reached XP level 7. HP: 52/52 MP: 7/7
  1327 | D:6      | Reached skill level 8 in Ranged Weapons
  1423 | D:6      | Slain by a gnoll

Illustrated notes

Levels and vault maps discovered:
D:1:      saegor_arrival_simple_e, layout_loops_ring,
          dilly_ecumenical_altar_fadedgnrine, minivault_26
D:2:      layout_basic, minmay_nonomino_d4
D:3:      layout_loops_ring, chequers_mini_garden, minmay_misc_feat_alley
D:4:      layout_basic, hangedman_abyss_or_decor_stabs, st_stairs_1,
          nicolae_shop_unique_rings
D:5:      layout_rooms, lemuel_round_altar
D:6:      layout_basic, minmay_temple_entry_ruins, ebering_ghost_gozag

Skill      XL: |  1  2  3  4  5  6  7 |
---------------+----------------------+-----
Dodging        | 2 |  2.6
Ranged Weapons | 5 6 7 8 |  8.1
Armour         | 1 |  1.9
Fighting       | 3 |  3.5
Stealth        | |  1.5

Action                     |  1- 3 |  4- 6 |  7- 9 || total
---------------------------+-------+-------+-------++-------
   Fire: Shortbow          |    47 |    76 |    53 ||   176
    Use: Scroll            |       |       |     2 ||     2
 Armour: Leather armour    |     3 |    12 |     4 ||    19
         Scale mail        |       |       |     3 ||     3
  Dodge: Dodged            |     7 |    38 |    33 ||    78
